AoeStats
← MatZpt

Arena

510172415Analyzed
2v2 RM · 2d ago on Sep 29, 2026· 49m 41s· 4 players
Game mode
Random Map
Map size
Medium (4 player)
Population
200
Speed
Normal
Resources
Standard
Victory
Conquest
Starting age
Dark Age
Ending age
Imperial Age
RankedLock teamsTeams togetherTeam positionsShared explorationLock speedFull tech treeHidden civsTurbo modeCheats
Victory
Defeat
🇵🇹 Wei · Portugal
913
+18
🇵🇹 Franks · Portugal
902
+18
🇸🇪 Varangians · Sweden
952
-46
🇸🇪 Tatars · Sweden
952
-46
MatZpt
7:46 Loom
8:07 Loom
8:38 Loom
11:01 Feudal Age
12:12 Town Watch
12:16 Double-Bit Axe
12:23 Gold Mining
12:26 Stone Mining
18:38 Castle Age
19:24 Forging
19:15 Scale Mail Armor
19:20 Scale Barding Armor
19:07 Fletching
19:17 Padded Archer Armor
27:24 Husbandry
27:49 Bow Saw
30:52 Wheelbarrow
33:57 Imperial Age
32:58 Hand Cart
34:23 Leather Archer Armor
35:01 Conscription
35:32 Pikeman
36:12 Squires
38:35 Chemistry
37:31 Murder Holes
37:47 Masonry
38:44 Iron Casting
39:16 Cavalier
43:12 Paladin
44:56 Chain Barding Armor
45:01 Chain Mail Armor
45:12 Arson
46:33 Chivalry
49:24 Plate Barding Armor
49:19 Plate Mail Armor
MenesesDoTalho
8:23 Loom
10:10 Feudal Age
11:25 Horse Collar
11:38 Double-Bit Axe
19:40 Castle Age
18:08 Gold Mining
18:08 Stone Mining
21:53 Padded Archer Armor
21:43 Fletching
21:54 Scale Mail Armor
22:52 Leather Archer Armor
25:05 Pikeman
27:07 Wheelbarrow
28:40 Thumb Ring
29:59 Hand Cart
32:54 Imperial Age
31:54 Scale Barding Armor
32:20 Ballistics
32:12 Heavy Plow
33:38 Chain Barding Armor
33:29 Forging
33:44 Squires
34:04 Bodkin Arrow
34:45 Conscription
35:41 Gold Shaft Mining
35:42 Stone Shaft Mining
37:22 Parthian Tactics
39:27 Ring Archer Armor
38:57 Bracer
41:09 Chain Mail Armor
42:24 Iron Casting
41:21 Halberdier
45:12 Blast Furnace
45:14 Chemistry
46:26 Elite Tiger Cavalry
47:24 Elite Skirmisher
49:57 Heated Shot
50:17 Masonry
Dellaaak
10:25 Feudal Age
14:21 Double-Bit Axe
20:07 Castle Age
19:38 Stone Mining
19:39 Gold Mining
21:17 Wheelbarrow
21:23 Horse Collar
21:38 Town Watch
22:25 Bloodlines
23:40 Gold Shaft Mining
23:44 Heavy Plow
26:22 Hand Cart
34:43 Imperial Age
33:01 Husbandry
32:25 Light Cavalry
33:15 Scale Barding Armor
35:20 Squires
35:07 Arson
34:45 Man-at-Arms
34:46 Pikeman
37:28 Heavy Camel Rider
37:32 Cavalier
38:47 Caravan
39:11 Chain Barding Armor
38:51 Scale Mail Armor
39:04 Forging
44:12 Crop Rotation
44:45 Silk Armor
46:30 Plate Barding Armor
46:15 Elite Keshik
Turambar
5:26 Loom
11:07 Feudal Age
15:01 Castle Age
15:25 Double-Bit Axe
15:32 Horse Collar
16:38 Bow Saw
16:30 Stone Mining
17:29 Fletching
18:29 Wheelbarrow
19:23 Bodkin Arrow
22:15 Hand Cart
23:40 Loom
24:34 Forging
27:12 Gold Mining
29:05 Heavy Plow
31:04 Scale Barding Armor
30:54 Town Watch
38:25 Imperial Age
36:30 Town Patrol
41:28 Imperial Age
40:25 Iron Casting
45:45 Imperial Age
44:32 Squires
47:45 Imperial Age
46:10 Chain Barding Armor
45:53 Scale Mail Armor
45:24 Pikeman
46:39 Gambesons
47:35 Chain Mail Armor
48:03 Man-at-Arms
50:25 Plate Mail Armor
Connection lost

Rejoining the realm…

Still unreachable

The connection could not be restored.

Session expired

The server has moved on; the page needs a fresh start.